 Dungeon Crawl Stone Soup version 0.30-a0-134-gb40fab5c76 (webtiles) character file.

Game seed: 3056182889616278162

19 ytrimaz the Shield-Bearer (level 2, 0/37 HPs)
             Began as a Formicid Fighter on Sept 19, 2022.
             Succumbed to an adder's poison
             ... on level 2 of the Dungeon.
             The game lasted 00:02:35 (994 turns).

ytrimaz the Shield-Bearer (Formicid Fighter)         Turns: 994, Time: 00:02:35

Health: 0/37       AC: 21    Str: 20    XL:     2   Next: 95%
Magic:  2/2        EV:  2    Int:  7    God:
Gold:   17         SH:  5    Dex: 13    Spells: 1/1 levels left

rFire   . . .      SeeInvis .    a - +0 war axe
rCold   . . .      Faith    .    c - +0 buckler
rNeg    . . .      Spirit   .    (body armour currently unavailable)
rPois   +          Reflect  .    (helmet unavailable)
rElec   .          Harm     .    (cloak currently unavailable)
rCorr   .          Rampage  .    (gloves currently unavailable)
Will    .....                    (boots currently unavailable)
Stlth   +.........               (no amulet)
HPRegen 0.12/turn                (no ring)
MPRegen 0.08/turn                (no ring)

@: mighty, lethally poisoned (0 -> -8), tree-form
A: stationary, stasis, torment immunity, boosted hp, permanent stasis, dig
shafts and tunnels, (antennae 3), four strong arms, wild magic 1
a: no special abilities


You were on level 2 of the Dungeon.
You were a tree.
You visited 1 branch of the dungeon, and saw 2 of its levels.

You collected 17 gold pieces.


Innate Abilities, Weirdness & Mutations

You are a tree.
Your roots penetrate the ground, keeping you stationary.
You cannot be teleported.
You are immune to unholy pain and torment.
Your maximum health is greatly increased.
Your equipment is partially melded.
You cannot be hasted, slowed, berserked, paralysed or teleported.
You can dig through walls and to a lower floor.
((You have a pair of large antennae on your head. (SInv)))
Your four strong arms can wield two-handed weapons with a shield.
Your spells are a little harder to cast, but a little more powerful.


   Skills:
 + Level 3.7 Fighting
 + Level 2.4 Axes
 + Level 3.6 Armour
 - Level 4.0 Shields


You had one spell level left.
You didn't know any spells.
Your spell library was empty.

Inventory:

Hand Weapons
 a - a +0 war axe (weapon)
Missiles
 e - 4 boomerangs
Armour
 b - a +0 scale mail (melded)
 c - a +0 buckler (worn)
Jewellery
 h - a ring of fire
   (You found it on level 1 of the Dungeon)
Scrolls
 f - a scroll of vulnerability
Potions
 i - a potion of magic

Dungeon Overview and Level Annotations

Branches:
Dungeon (2/15) Zot: 10988

Altars:

###### #....#
#....##
#.....###♣♣♣♣♣♣
#.....<........
#....##..♣♣♣♣♣
#######♣....#
#†S†....#
#.......#
#.........
##.......!
#........
.......#.
........


You could see an adder.


Message History

You barely miss the jackal.
The adder hisses angrily.
A jackal comes into view.
The jackal bites you but does no damage.
The jackal bites you.
The jackal completely misses you. 😕 HP[-1]
You take 1 damage, and now have 23/24 hp.
You barely miss the jackal. You miss the jackal.
The jackal barks!
You block the jackal's attack. The jackal bites you.
The jackal bites you but does no damage.
The jackal closely misses you. 😕 HP[-1]
You take 1 damage, and now have 22/24 hp.
You slash the jackal!
You kill the jackal!
You hit the jackal.
You kill the jackal!
An adder comes into view.
The ball python bites you but does no damage.
The ball python grabs you.
The ball python constricts you. 😕 HP[+1]
You now have 25 max hp (+1).
You barely miss the ball python. You hit the hobgoblin but do no damage.
The ball python loses its grip on you.
The hobgoblin hits you but does no damage.
You barely miss the adder. You closely miss the hobgoblin.
You slash the jackal!
You kill the jackal!
The adder closely misses you. The hobgoblin hits you. The adder bites you.
The ball python bites you but does no damage.
The ball python closely misses you. 😮 HP[-5]
You take 5 damage, and now have 18/25 hp.
You miss the adder. You hit the ball python.
You kill the ball python!
You barely miss the hobgoblin. The hobgoblin barely misses you.
The adder closely misses you. The hobgoblin hits you.
You block the adder's attack.
Unknown command.
You are too injured to fight recklessly!
You closely miss the adder. You slash the hobgoblin!
You kill the hobgoblin!
The adder barely misses you. The adder completely misses you.
The adder closely misses you.
You are too injured to fight recklessly!
Unknown command.
You barely miss the adder. You hit the adder but do no damage.
The adder bites you. The adder bites you but does no damage.
The adder closely misses you. 😮 HP[-2]
You take 2 damage, and now have 16/25 hp.
You are too injured to fight recklessly!
Unknown command.
You are too injured to fight recklessly!
You miss the adder. You hit the adder. You block the adder's attack.
The adder bites you but does no damage. You block the adder's attack.
Unknown command.
You are too injured to fight recklessly!
You miss the adder. You completely miss the adder. The adder bites you.
You block the adder's attack. x2; The adder bites you but does no damage. 😮 HP[-3]
You take 3 damage, and now have 13/25 hp.
Unknown command.
You slash the adder! You miss the adder. The adder bites you.
* * * LOW HITPOINT WARNING * * *
The adder bites you.
* * * LOW HITPOINT WARNING * * *
The adder closely misses you.
The adder bites you but does no damage. 😨 HP[-4]
You take 4 damage, and now have 9/25 hp.
You closely miss the adder. You hit the adder but do no damage.
The adder bites you but does no damage. The adder bites you.
* * * LOW HITPOINT WARNING * * *
You are poisoned.
The adder poisons you! The adder bites you.
* * * LOW HITPOINT WARNING * * *
😨 HP[-2]
You take 2 damage, and now have 7/25 hp.
You feel very mighty all of a sudden.
* * * LOW HITPOINT WARNING * * *
You feel sick. The adder bites you but does no damage. The adder bites you.
* * * LOW HITPOINT WARNING * * *
You are more poisoned.
The adder poisons you!
The adder bites you but does no damage. 😱 HP[-4]
You take 4 damage, and now have 3/25 hp.
It was a potion of lignification.
You turn into a tree.
Your +0 scale mail melds into your body.
Your roots penetrate the ground.
* * * LOW HITPOINT WARNING * * *
You feel sick. You block the adder's attack.
The adder bites you but does no damage.
You now have 37 max hp (+12).
Unknown command.
You slash the adder!
You kill the adder!
You barely miss the adder.
You die...

Action                   || total
-------------------------++-------
Melee: War axe           ||    44
  Use: Scroll            ||     4
       Potion            ||     3
Armor: Scale mail        ||    27
       Skin              ||     1
Dodge: Dodged            ||    24
Block: Buckler           ||    15

Levels and vault maps discovered:
D:1:      mrwooster_arrival_statue, layout_loops_ring, basic_ecumenical_altar
D:2:      layout_rooms, serial_forest, infiniplex_forest_straight_2,
          infiniplex_forest_lined_1, infiniplex_forest_clump_large,
          infiniplex_forest_end_3, infiniplex_forest_lined_ring,
          infiniplex_forest_join, infiniplex_forest_clump_small, st_stairs_6,
          uniq_jessica

Notes
Turn   | Place    | Note
-------+----------+-------------------------------------------
     0 | D:1      | ytrimaz the Formicid Fighter began the quest for the Orb.
     0 | D:1      | Reached XP level 1. HP: 18/18 MP: 1/1
     0 | D:1      | magus.rc [v1.9.6]
   158 | D:1      | Found a faded altar of an unknown god.
   245 | D:1      | Reached XP level 2. HP: 20/24 MP: 2/2
   426 | D:1      | Gained mutation: Your spells are a little harder to cast,
                  | but a little more powerful. [potion of mutation]
   992 | D:2      | HP: 5/25 [poisoned by an adder]
   994 | D:2      | Succumbed to an adder's poison

Vanquished Creatures
  An adder (D:2)
  A bat (D:1)
  2 endoplasms (D:1)
  3 goblins (D:1)
  A hobgoblin (D:2)
  3 jackals (D:2)
  3 ball pythons
  A frilled lizard (D:1)
  2 kobolds (D:1)
  A rat (D:1)
18 creatures vanquished.

Table legend:
 A = Non-vault XP
 B = Vault XP
 C = Vault XP percentage of total XP
 D = Non-vault monster count
 E = Vault monster count
 F = Vault count percentage of total count
                 A         B        C        D         E       F
            +---------+---------+-------+---------+---------+-------
      Total |      42 |       0 |   0.0 |      18 |       0 |   0.0
            +---------+---------+-------+---------+---------+-------
        D:1 |      19 |       0 |   0.0 |      12 |       0 |   0.0
        D:2 |      23 |       0 |   0.0 |       6 |       0 |   0.0
            +---------+---------+-------+---------+---------+-------

Illustrated notes

Table legend:
 A = Kills in this place as a percentage of kills in entire the game.
 B = Kills by you in this place as a percentage of kills by you in the entire game.
 C = Kills by friends in this place as a percentage of kills by friends in the entire game.
 D = Other kills in this place as a percentage of other kills in the entire game.
 E = Experience gained in this place as a percentage of experience gained in the entire game.
 F = Experience gained in this place divided by the number of levels of this place that you have seen.
                   A       B       C       D       E      F
               +-------+-------+-------+-------+-------+----------------------
         Total | 100.0 | 100.0 |   N/A |   N/A | 100.0 |  21.0
       Dungeon | 100.0 | 100.0 |   N/A |   N/A | 100.0 |  21.0
               +-------+-------+-------+-------+-------+----------------------

Table legend: (Time is in decaauts)
 A = Elapsed time spent in this place.
 B = Non-inter-level travel time spent in this place.
 C = Inter-level travel time spent in this place.
 D = Time resting spent in this place.
 E = Time spent auto-exploring this place.
 F = Levels seen in this place.
 G = Mean time per level.
                   A        B        C        D        E       F      G
               +--------+--------+--------+--------+--------+-----+--------+
         Total |   1011 |    992 |     19 |      0 |    831 |   2 |  505.5 |
       Dungeon |   1011 |    992 |     19 |      0 |    831 |   2 |  505.5 |
               +--------+--------+--------+--------+--------+-----+--------+

Top non-repeatable levels by time:
     D:1: 986 daAuts
     D:2: 25 daAuts
